 Dungeon Crawl Stone Soup version 0.22.0-78-g6c94d2c (webtiles) character file.

118 Stendarr the Gusty (level 5, -4/38 HPs)
             Began as a Human Air Elementalist on Sept 16, 2018.
             Slain by an orc warrior
             ... wielding a +0 glaive
              (28 damage)
             ... on level 3 of the Dungeon.
             The game lasted 00:07:21 (2545 turns).

Stendarr the Gusty (Human Air Elementalist)         Turns: 2545, Time: 00:07:23

Health: -4/38      AC:  4    Str:  9    XL:     5   Next: 23%
Magic:  2/8        EV: 13    Int: 15    God:
Gold:   82         SH:  0    Dex: 14    Spells: 2/8 levels left

rFire    + . .     SeeInvis .   u - +0 rapier
rCold    . . .     Gourm    .   (no shield)
rNeg     . . .     Faith    .   a - +0 robe
rPois    .         Spirit   .   d - +0 helmet
rElec    .         Reflect  .   r - +0 cloak
rCorr    .         Harm     .   (no gloves)
MR       .....                  (no boots)
Stlth    ++........             w - amulet of regeneration
HPRegen  0.52/turn              b - ring of flight
MPRegen  0.11/turn              g - ring of protection from fire

@: very slightly contaminated
A: no striking features
a: Evoke Flight


You were on level 3 of the Dungeon.
You were not hungry.

You visited 1 branch of the dungeon, and saw 3 of its levels.

You collected 82 gold pieces.

Inventory:

Hand Weapons
 f - a +0 club
 u - a +0 rapier (weapon)
Armour
 a - a +0 robe (worn)
 d - a +0 helmet (worn)
 r - a +0 cloak (worn)
Jewellery
 b - a ring of flight (left hand)
 g - a ring of protection from fire (right hand)
 w - an amulet of regeneration (around neck)
Scrolls
 e - 3 scrolls of remove curse {unknown}
 h - 2 scrolls of random uselessness {unknown}
 i - 2 scrolls of magic mapping {unknown}
 m - a scroll of fog {unknown}
 n - 3 scrolls of identify {unknown}
 o - a scroll of amnesia {unknown}
 q - a scroll of enchant armour {unknown}
Potions
 j - a potion of lignification {unknown}
 k - 3 potions of flight {unknown}
 l - a potion of haste {unknown}
 p - a potion of degeneration {unknown}
 s - a potion of curing {unknown}
 t - a potion of mutation {unknown}
 v - a potion of heal wounds {unknown}
Comestibles
 c - 9 rations


   Skills:
 + Level 1.7 Fighting
 + Level 2.7 Dodging
 - Level 2.0 Stealth
 - Level 2.0 Spellcasting
 * Level 3.0 Conjurations
 + Level 3.5 Air Magic


You had 2 spell levels left.
You knew the following spells:

 Your Spells              Type           Power        Failure   Level  Hunger
a - Shock                 Conj/Air       ##..         6%          1    #......
b - Swiftness             Chrm/Air       #.......     16%         2    ###....
c - Static Discharge      Conj/Air       ##......     17%         3    ###....

Your spell library contained the following spells:

 Spells                   Type           Power        Failure   Level  Hunger
 Airstrike                Air            ##........   45%         4    #####..
 Lightning Bolt           Conj/Air       ##........   85%         5    ######.


Dungeon Overview and Level Annotations

Branches:
Dungeon (3/15)

Altars:
Ru
Sif Muna
Trog
Yredelemnul
The Shining One


Message History

Casting: Shock (safe; 6% risk of failure)
Confirm with . or Enter, or press ? or * to list all spells.
Aiming: Shock (safe; 6% risk of failure)
Press: ? - help, Shift-Dir - straight line The zap hits the orc warrior.
The orc warrior appears unharmed.
The orc warrior is moderately wounded.
The zap hits the orc warrior.
The orc warrior appears unharmed.
The orc warrior is moderately wounded.
The orc warrior hits you from afar with a glaive!
Casting: Shock (safe; 6% risk of failure)
Confirm with . or Enter, or press ? or * to list all spells.
Aiming: Shock (safe; 6% risk of failure)
Press: ? - help, Shift-Dir - straight line The zap hits the orc warrior.
The orc warrior is moderately wounded.
The zap hits the orc warrior.
The orc warrior appears unharmed.
The orc warrior is moderately wounded.
The orc warrior hits you from afar with a glaive!!
Ouch! That really hurt!
You die...

#.# #.# #.# #.# #.# #.# #.# #.#
#.# #.# #.#######.##.# #.#
#.##..@......# #### #.#
#.##o####.#### ... #.#
#..o...##.# #.##.####..###.##.#
#....o.##..# #.##.#
##.####.##..###....#############
....oo..(o..(.........†.........
#.######....>.......####.........
.. ########.##### #########.


You could see an orc warrior and an orc.

Vanquished Creatures
  An orc wizard (D:3)
  A worker ant (D:3)
  2 adders
  A worm (D:2)
  A dart slug (D:1)
  2 leopard geckos (D:2)
  A ball python (D:1)
  A giant cockroach (D:2)
  3 goblins
  6 hobgoblins
  3 jackals
  8 kobolds
  A quokka (D:2)
  6 bats
  A frilled lizard (D:1)
  4 rats (D:1)
42 creatures vanquished.

Notes
Turn   | Place    | Note
-------+----------+-------------------------------------------
     0 | D:1      | Stendarr the Human Air Elementalist began the quest for the
                  | Orb.
     0 | D:1      | Reached XP level 1. HP: 13/13 MP: 3/3
   325 | D:1      | Reached XP level 2. HP: 20/20 MP: 0/5
  1007 | D:1      | Reached XP level 3. HP: 25/25 MP: 3/6
  1256 | D:2      | Reached skill level 1 in Fighting
  1303 | D:2      | Learned a level 2 spell: Swiftness
  1307 | D:2      | Learned a level 3 spell: Static Discharge
  1686 | D:2      | Found a bloodstained altar of Trog.
  1688 | D:2      | Found a basalt altar of Yredelemnul.
  1689 | D:2      | Found a glowing golden altar of the Shining One.
  1816 | D:2      | Found a deep blue altar of Sif Muna.
  1960 | D:2      | Reached XP level 4. HP: 32/32 MP: 0/7
  2332 | D:3      | Found a sacrificial altar of Ru.
  2374 | D:3      | Reached XP level 5. HP: 38/38 MP: 0/8
  2521 | D:3      | Noticed an orc warrior
  2545 | D:3      | Slain by an orc warrior

Skill      XL: |  1  2  3  4  5 |
---------------+----------------+-----
Fighting       | 1 |  1.7
Conjurations   | 2 3 |  3.0
Dodging        | |  2.7
Stealth        | |  2.0
Spellcasting   | |  2.0
Air Magic      | |  3.5

Action                   |  1- 3 |  4- 6 || total
-------------------------+-------+-------++-------
Melee: Club              |     8 |       ||     8
       Unarmed           |     1 |       ||     1
       Rapier            |     4 |    12 ||    16
 Cast: Shock             |    64 |    31 ||    95
 Stab: Sleeping          |     3 |       ||     3
  Eat: Chunk             |     4 |     3 ||     7
Armor: Robe              |    13 |     4 ||    17
Dodge: Dodged            |    30 |    28 ||    58
